 Dungeon Crawl Stone Soup version 0.30.1-4-g462c640d31 (webtiles) character file.

Game seed: 15071062910342677969

508 Peloso the Slasher (level 6, -9/58 HPs)
             Began as a Minotaur Fighter on Sept 13, 2023.
             Was an Initiate of Okawaru.
             Mangled by an ogre
             ... wielding a +0 giant spiked club
              (13 damage)
             ... on level 4 of the Dungeon.
             The game lasted 00:06:17 (3603 turns).

Peloso the Slasher (Minotaur Fighter)               Turns: 3603, Time: 00:06:17

Health: -9/58      AC: 12    Str: 19    XL:     6   Next: 98%
Magic:  5/5        EV:  8    Int:  9    God:    Okawaru [......]
Gold:   229        SH:  7    Dex: 11    Spells: 5/5 levels left

rFire   . . .        a - +0 long sword
rCold   + . .        d - +2 buckler
rNeg    . . .        c - +0 chain mail
rPois   .            (helmet restricted)
rElec   .            (no cloak)
rCorr   .            (no gloves)
SInv    .            (no boots)
Will    .....        (no amulet) Stlth
                     j - ring of protection from cold
HPRegen 0.29/turn    (no ring)
MPRegen 0.09/turn

%: no passive effects
@: no status effects
A: horns 2, retaliatory headbutt, iridescent scales 1, clever 1, robust 1, wild
magic 1
a: Renounce Religion


You were on level 4 of the Dungeon.
You worshipped Okawaru.
Okawaru was noncommittal.
You visited 1 branch of the dungeon, and saw 4 of its levels.

You collected 249 gold pieces.
You spent 20 gold pieces at shops.

Inventory:

Hand Weapons
 a - a +0 long sword (weapon)
 b - a +1 rapier of flaming
Armour
 c - a +0 chain mail (worn)
 d - a +2 buckler (worn)
Jewellery
 j - a ring of protection from cold (left hand)
Scrolls
 e - 3 scrolls of enchant weapon
 g - a scroll of fear
 h - 2 scrolls of identify
 i - 3 scrolls of fog
 m - a scroll of amnesia
 n - a scroll of teleportation {unknown}
 o - a scroll of noise
 q - a scroll of summoning
Potions
 f - a potion of curing
 k - a potion of might
 l - a potion of haste {unknown}
 p - a potion of resistance {unknown}
 r - a potion of invisibility {unknown}


   Skills:
 + Level 4.6 Fighting
 + Level 6.5 Long Blades
 + Level 5.6 Armour
 + Level 1.0 Dodging
 + Level 0.1 Stealth
 + Level 4.8 Shields


You had 5 spell levels left.
You didn't know any spells.
Your spell library contained the following spells:

 Spells                   Type           Power      Damage    Failure   Level
 Slow                     Hex            0%         N/A       99%         1
 Confusing Touch          Hex            0%         N/A       100%        3
 Portal Projectile        Hex/Tloc       0%         N/A       100%        3
 Stone Arrow              Conj/Erth      0%         3d7       100%        3
 Vampiric Draining        Necr           0%         2d6       100%        3
 Leda's Liquefaction      Hex/Erth       0%         N/A       100%        4
 Fireball                 Conj/Fire      0%         3d3       100%        5
 Iskenderun's Battlesphe  Conj           0%         2d6       100%        5
 Conjure Ball Lightning   Conj/Air       0%         3x3d6     100%        6
 Orb of Destruction       Conj           0%         9d5       100%        7
 Lehudib's Crystal Spear  Conj/Erth      0%         10d2      100%        8
 Call Canine Familiar     Summ           Unusable   N/A       N/A         3
 Animate Armour           Summ/Erth      Unusable   N/A       N/A         4

Dungeon Overview and Level Annotations

Branches:
Dungeon (4/15)
 Temple: D:4-7

Altars:
Makhleb
Okawaru
Uskayaw

Shops:
D:1 *!

Annotations:
D:2 1 runed translucent door, Crazy Yiuf


Innate Abilities, Weirdness & Mutations

You have a pair of horns on your head.
You reflexively headbutt those who attack you in melee.
You are partially covered in iridescent scales. (AC +2)
Your mind is acute. (Int +4, Str/Dex -1)
You are robust. (+10% HP)
Your spells are a little harder to cast, but a little more powerful.


Message History

You open the door.
There is an open door here.
There is an open door here.
There is an open door here.
You open the door.
Found 5 stones.
There is an open door here.
Found a hide-covered altar of Uskayaw.
You see here 5 stones.
You open the door.
There is an open door here.
There is an open door here.
You open the door.
An ogre comes into view. It is wielding a +0 giant spiked club.
The ogre shouts!
Found a runed bronze wand.
An ogre is nearby!
You aren't carrying any items that you can evoke.
Unknown command.
There is an open door here.
You hit the ogre.
The ogre is moderately wounded.
The ogre hits you with a +0 giant spiked club!!
You slash the ogre! You headbutt the ogre.
The ogre is severely wounded.
The ogre hits you with a +0 giant spiked club!
You hit the ogre. Your headbutt misses the ogre.
The ogre is almost dead.
You barely miss the ogre.
The ogre is almost dead.
The ogre hits you with a +0 giant spiked club!!
* * * LOW HITPOINT WARNING * * *
You barely miss the ogre.
The ogre is almost dead.
The ogre hits you with a +0 giant spiked club.
* * * LOW HITPOINT WARNING * * *
You hit the ogre.
The ogre is almost dead.
The ogre hits you with a +0 giant spiked club!
You die...

##......##.##..#.....#
#.#.###.#
#......###.##.##.###.#
#.#.....# #......#
#.#..##(....# #...#....
#......# #.#...'.._..+
###.#.#.. #......#
#.#.###.....# #.#.###
#......# #.#.# #.###.#
#.#.# # #......# #.#.#
#.....# #.#.# # #......#
#.#.###'###+# ..#.# #
###.#### #.#.##.@....#
..#.# # #.#
#.#.##..O/.## # #.#
#.#.##.....# #
#.######.#.##.....#
###........# #.....#
'..........#.###########
####...###.#...........#
####.).')#.####...###.##
.......#.#.##.'...'...#


You could see an ogre.

Vanquished Creatures
  Grinder (D:3)
  An orc priest (D:4)
  A hound (D:4)
  4 orc wizards (D:4)
  6 adders
  3 worms
  10 orcs
  11 ball pythons
  6 bats
  7 endoplasms
  2 giant cockroaches
  7 goblins
  6 hobgoblins
  4 jackals (D:3)
  7 kobolds
  4 quokkas
  4 frilled lizards
  2 rats (D:2)
86 creatures vanquished.

Vanquished Creatures (others)
  An orc wizard (D:4)
1 creature vanquished.

Grand Total: 87 creatures vanquished

Notes
Turn   | Place    | Note
-------+----------+-------------------------------------------
     0 | D:1      | Peloso the Minotaur Fighter began the quest for the Orb.
     0 | D:1      | Reached XP level 1. HP: 19/19 MP: 0/0
     9 | D:1      | Found Yfine's Distillery.
    33 | D:1      | Reached skill level 3 in Long Blades
    33 | D:1      | Reached XP level 2. HP: 27/27 MP: 1/1
   419 | D:1      | Found Niggocej's General Store.
   422 | D:1      | Bought a scroll of identify for 20 gold pieces
   740 | D:1      | Gained mutation: Your spells are a little harder to cast,
                  | but a little more powerful. [potion of mutation]
   740 | D:1      | Gained mutation: You are robust. (+10% HP) [potion of
                  | mutation]
   740 | D:1      | Gained mutation: You are partially covered in iridescent
                  | scales. (AC +2) [potion of mutation]
   740 | D:1      | Gained mutation: Your mind is acute. (Int +4, Str/Dex -1)
                  | [potion of mutation]
   914 | D:2      | Reached XP level 3. HP: 36/36 MP: 2/2
  1077 | D:2      | Reached skill level 4 in Long Blades
  1099 | D:2      | Reached XP level 4. HP: 24/44 MP: 3/3
  1387 | D:2      | Found a runed translucent door.
  1388 | D:2      | Noticed Crazy Yiuf
  1798 | D:3      | Noticed Grinder
  1828 | D:3      | Paralysed by Grinder for 2 turns
  1832 | D:3      | Killed Grinder
  1833 | D:3      | Reached skill level 5 in Long Blades
  1833 | D:3      | Reached XP level 5. HP: 20/51 MP: 4/4
  1833 | D:3      | Reached XP level 6. HP: 23/58 MP: 5/5
  2707 | D:4      | Reached skill level 5 in Armour
  2731 | D:4      | Reached skill level 6 in Long Blades
  3424 | D:4      | Found an iron altar of Okawaru.
  3424 | D:4      | Found a burning altar of Makhleb.
  3453 | D:4      | Reached skill level 1 in Dodging
  3490 | D:4      | Became a worshipper of Warmaster Okawaru
  3580 | D:4      | Found a hide-covered altar of Uskayaw.
  3603 | D:4      | Mangled by an ogre

Illustrated notes

Levels and vault maps discovered:
D:1:      dpeg_arrival_windows_large_door, layout_loops_ring, serial_shops,
          shop, nicolae_shop_behind_doors, corexii_hall_statues_i
D:2:      layout_basic, uniq_crazy_yiuf_cottage
D:3:      layout_loops_cross, serial_rivers, chequers_serial_rivers_small_a,
          chequers_serial_rivers_micro_d, chequers_serial_rivers_micro_d,
          chequers_serial_rivers_micro_a, chequers_serial_rivers_micro_e,
          uniq_grinder
D:4:      layout_basic, mainiacjoe_overflow_six_doors_small,
          nicolae_overflow_two_pavilions, serial_bayou_lagoon_a

Skill      XL: |  1  2  3  4  5  6 |
---------------+-------------------+-----
Long Blades    | 3 4 5 6 |  6.5
Armour         | 4 5 |  5.6
Fighting       | 4 |  4.6
Shields        | 4 |  4.8
Dodging        | 1 |  1.0
Stealth        | |  0.1

Action                     |  1- 3 |  4- 6 || total
---------------------------+-------+-------++-------
  Melee: Long sword        |    71 |   197 ||   268
         Headbutt          |    15 |    19 ||    34
    Use: Potion            |     1 |     4 ||     5
         Scroll            |       |     6 ||     6
 Armour: Scale mail        |    12 |       ||    12
         Chain mail        |    32 |   105 ||   137
  Dodge: Dodged            |    25 |    57 ||    82
  Block: Buckler           |    11 |    51 ||    62
